 Dungeon Crawl Stone Soup version 0.28-a0-1518-gbe868bca14 (webtiles) character file.

Game seed: 11768956103939732468

7733 Nattfarinn the Fighter (level 11, 0/79 (80) HPs)
             Began as a Palentonga Fighter on Jan 17, 2022.
             Was a Follower of Okawaru.
             Slain by a sixfirhy (3 damage)
             ... on level 2 of the Abyss.
             The game lasted 00:24:20 (10325 turns).

Nattfarinn the Fighter (Palentonga Fighter)        Turns: 10325, Time: 00:24:20

HP:   0/79 (80)     AC: 17    Str: 25    XL:     11   Next: 0%
MP:   0/17          EV:  8    Int: 12    God:    Okawaru [*.....]
Gold: 768           SH:  5    Dex:  9    Spells: 10/10 levels left

rFire   . . .      SeeInvis +   A - +1 whip of Big Damage {spect, rN+}
rCold   + . .      Faith    .   c - +0 buckler
rNeg    + . .      Spirit   +   N - +0 troll leather armour
rPois   .          Reflect  .   s - +0 hat
rElec   .          Harm     .   a - +2 cloak
rCorr   +          Rampage  .   f - +0 pair of gloves
Will    .....      Rage     3%  (no barding)
Stlth   +......... Rnd*Tele +   y - amulet of guardian spirit
HPRegen 1.03/turn               t - ring "Ruikun" {rCorr MP+9 Int+4}
MPRegen 0.15/turn               F - ring of protection from cold

@: lightly drained, curled up
A: large, rugged brown scales 3, see invisible, deformed body, roll 1, armoured
tail, reflexive curl, [berserk 2], [frail 2], [low mp 2], [teleportitis 2], [no
potion heal 2], [subdued magic 2]
a: Rolling Charge, Renounce Religion, Heroism


You were on level 2 of the Abyss.
You worshipped Okawaru.
Okawaru was aware of your devotion.
You visited 2 branches of the dungeon, and saw 11 of its levels.
You visited the Abyss 1 time.
You also visited: Sewer and Ossuary.

You collected 768 gold pieces.

Inventory:

Hand Weapons
 o - the +7 hunting sling of the Exiled Dreams {flame, Str+2 Int+2 Stlth+}
   (You found it on level 2 of the Dungeon)

   Any ammunition fired from it burns those it strikes, dealing additional fire
   damage.
   Str:       It affects your strength (+2).
   Int:       It affects your intelligence (+2).
   Stlth:     It makes you more stealthy.
 w - a +2 dagger of speed
 A - the +1 whip of Big Damage (weapon) {spect, rN+}
   (You found it on level 4 of the Dungeon)

   When its wielder attacks, the weapon's spirit leaps out and strikes again.
   The spirit shares a part of any damage it takes with its wielder.
   rN:        It protects you from negative energy.
 Y - a +2 dire flail of protection
Missiles
 M - a curare-tipped dart
Armour
 a - a +2 cloak (worn)
 b - a +0 scale mail
 c - a +0 buckler (worn)
 f - a +0 pair of gloves (worn)
 k - a +0 leather armour of cold resistance
 q - a +0 cloak
 s - a +0 hat (worn)
 N - a +0 troll leather armour (worn)
 Q - a +1 robe of cold resistance
Jewellery
 p - a ring of ice
 t - the ring "Ruikun" (left hand) {rCorr MP+9 Int+4}
   (You found it on level 3 of the Dungeon)

   [ring of resist corrosion]

   Int:       It affects your intelligence (+4).
   MP:        It affects your magic capacity (+9).
   rCorr:     It protects you from acid and corrosion.
 y - an amulet of guardian spirit (around neck)
 F - a ring of protection from cold (right hand)
 K - a +6 ring of intelligence
 O - an amulet of magic regeneration
 S - an amulet of regeneration
Wands
 x - a wand of mindburst (17)
 D - a wand of polymorph (12)
 X - a wand of digging (5)
 Z - a wand of iceblast (9)
Scrolls
 i - a scroll of blinking
 j - 3 scrolls of vulnerability
 m - a scroll of enchant weapon
 n - 2 scrolls of summoning
 r - 2 scrolls of fear
 u - a scroll of teleportation
 B - 3 scrolls of amnesia
 I - a scroll of torment
 J - a scroll of silence
 P - a scroll of magic mapping
 T - 2 scrolls of brand weapon {unknown}
 W - a scroll of fog
Potions
 d - 3 potions of might
 e - 3 potions of mutation {unknown}
 g - a potion of invisibility {unknown}
 h - 2 potions of ambrosia {unknown}
 l - 9 potions of curing
 v - 5 potions of heal wounds
 z - 4 potions of flight {unknown}
 C - a potion of cancellation {unknown}
 E - 3 potions of lignification {unknown}
 G - 4 potions of attraction {unknown}
 L - 3 potions of haste {unknown}
 R - a potion of magic {unknown}
 U - 3 potions of brilliance {unknown}


   Skills:
 - Level 10.5 Fighting
 * Level 8.6 Axes
 + Level 6.9 Armour
 + Level 6.9 Shields


You had 10 spell levels left.
You didn't know any spells.
Your spell library contained the following spells:

 Spells                   Type           Power      Damage    Failure   Level
 Freeze                   Ice            0%         1d3       32%         1
 Pain                     Necr           0%         1d4       32%         1
 Scorch                   Fire           0%         2d5       45%         2
 Sublimation of Blood     Necr           0%         N/A       45%         2
 Wereblood                Tmut           0%         N/A       45%         2
 Dazzling Flash           Conj/Hex       0%         N/A       71%         3
 Frozen Ramparts          Ice            0%         1d2       71%         3
 Gell's Gravitas          Tloc           0%         N/A       71%         3
 Inner Flame              Hex/Fire       0%         N/A       71%         3
 Ozocubu's Armour         Ice            0%         N/A       71%         3
 Teleport Other           Tloc           0%         N/A       71%         3
 Vampiric Draining        Necr           0%         2d6       71%         3
 Cause Fear               Hex            0%         N/A       98%         4
 Flame Wave               Conj/Fire      0%         2d4       98%         4
 Hailstorm                Conj/Ice       0%         3d3       98%         4
 Iskenderun's Mystic Bla  Conj/Tloc      0%         2d3       98%         4
 Fireball                 Conj/Fire      0%         3d3       100%        5
 Iskenderun's Battlesphe  Conj           0%         2d6       100%        5
 Metabolic Englaciation   Hex/Ice        0%         N/A       100%        5
 Conjure Ball Lightning   Conj/Air       0%         3x3d6     100%        6
 Dispersal                Tloc           0%         N/A       100%        6
 Starburst                Conj/Fire      0%         6d3       100%        6
 Orb of Destruction       Conj           0%         9d5       100%        7
 Discord                  Hex            0%         N/A       100%        8
 Disjunction              Tloc           0%         N/A       100%        8
 Ignition                 Fire           0%         3d3       100%        8
 Animate Skeleton         Necr           Unusable   N/A       N/A         1
 Simulacrum               Ice/Necr       Unusable   N/A       N/A         6
 Summon Cactus Giant      Summ           Unusable   N/A       N/A         6
 Summon Hydra             Summ           Unusable   N/A       N/A         7

Dungeon Overview and Level Annotations

Branches:
Dungeon (10/15)            Temple (1/1) D:5             Orc (0/2) D:9
  Sewer (visited)         Ossuary (visited)
   Lair: D:8-11

Altars:
Ashenzari
Cheibriados
Dithmenos
Elyvilon
Fedhas
Gozag
Hepliaklqana
Kikubaaqudgha
Nemelex Xobeh
Okawaru
Qazlal
Ru
Sif Muna
Trog
Uskayaw
Wu Jian
Yredelemnul
Zin
The Shining One

Shops:
D:10 (

Annotations:
D:3 1 runed translucent door, Crazy Yiuf
D:10 Psyche


Innate Abilities, Weirdness & Mutations

You are completely covered in rugged brown scales. (AC +3, +7% HP)
You have supernaturally acute eyesight. (SInv)
Armour fits poorly on your strangely shaped body.
You can roll at nearby foes to attack.
You have a long armoured tail.
You curl defensively after being hit. (AC +7*)
[You often lose your temper in combat.]
[You are very frail. (-20% HP)]
[Your magical capacity is very low. (-20% MP)]
[You are sometimes teleported next to monsters.]
[Potions cannot restore your health.]
[Your spells are easier to cast, but less powerful.]


Message History

The ufetubus barely misses you.
The ufetubus hits you but does no damage.
The ynoxinul gestures.
The worldbinder hits you but does no damage. x2
There is an open door here.
Unknown command.
Unknown command.
The freezing wraith disappears in a puff of smoke!
The endoplasm jiggles.
Unknown command.
Unknown command.
You hear a distant slurping noise.
Why would you want to do that?
Blink to where?
Press: ? - help, Dir - move target
As you read the scroll of blinking, it crumbles to dust.
The worldbinder calls forth creatures from the Crypt!
You hear a distant slurping noise.
A worldbinder is nearby!
As you open the door, it creaks loudly! The sixfirhy hits you.
* * * LOW HITPOINT WARNING * * *
The sixfirhy shocks you!
* * * LOW HITPOINT WARNING * * *
There is an open door here.
As you open the door, it creaks loudly!
A slime creature comes into view.
The slime creature quivers.
The sixfirhy hits you but does no damage.
The worldbinder calls forth creatures from the Crypt!
You open the door.
The worldbinder hits you but does no damage.
The worldbinder barely misses you. The slime creature barely misses you.
The sixfirhy hits you.
* * * LOW HITPOINT WARNING * * *
The sixfirhy shocks you!
* * * LOW HITPOINT WARNING * * *
There is an open door here.
The sixfirhy hits you.
You die...

...
#..X.+.'.'.'
+. ....#
55.#' # #
...... . z' +
+. #.≈≈5
553#+# .. ...
# ###p'.+ +
##.≈#...#J#+#
## . .
#.∩..§+ ..
#...#x# #+#+#
####≈+ +@+.+
≈ ≈ ≈# #3#J#
......###'##
..#..W.x.# #
#..z...#
#.......#
##......#
########


You could see a worldbinder and a sixfirhy.

Vanquished Creatures
  Erica (D:9)
  2 two-headed ogres
  An ancient zyme (Abyss:2)
  2 wyverns
  A wraith (D:9)
  2 steam dragons
  A yak (D:8)
  A chaos spawn (Abyss:2)
  Menkaure (D:3)
  2 water moccasins
  A sky beast (D:8)
  An ice beast (D:7)
  2 orc warriors
  An ogre (D:3)
  A large abomination (Abyss:2)
  3 necrophages
  5 centaurs
  2 phantoms
  2 kobold brigands (D:8)
  5 bullfrogs
  A gnoll sergeant (D:8)
  4 wyvern zombies
  2 scorpions (D:5)
  A water moccasin zombie (Ossuary)
  A wyvern skeleton (D:6)
  A water moccasin skeleton (D:5)
  8 killer bees (D:7)
  5 wights (D:6)
  An electric eel (D:8)
  8 howler monkeys
  10 centaur zombies (Ossuary)
  4 bullfrog zombies
  2 centaur skeletons (D:5)
  5 orc priests
  A gnoll shaman (D:8)
  2 hounds
  2 bullfrog skeletons
  Jessica (D:2)
  An iguana (D:6)
  2 orc wizards
  5 killer bee zombies
  A small abomination (Abyss:2)
  13 mummies (Ossuary)
  2 hound skeletons
  A howler monkey skeleton (D:4)
  4 river rats (D:6)
  7 adders
  2 white imps
  An ufetubus (D:5)
  A dart slug (D:2)
  A worm (D:2)
  16 orcs
  3 bats
  15 endoplasms
  12 giant cockroaches
  10 goblins
  7 hobgoblins
  5 jackals
  11 kobolds
  14 quokkas
  10 ball pythons
  15 frilled lizards
  10 rats
265 creatures vanquished.

Vanquished Creatures (collateral kills)
  An ogre (D:5)
  A kobold brigand (D:5)
  An iguana (D:5)
  2 kobolds (D:5)
5 creatures vanquished.

Vanquished Creatures (others)
  3 toadstools (D:4)
  2 withered plants (Ossuary)
5 creatures vanquished.

Grand Total: 275 creatures vanquished

Notes
Turn   | Place    | Note
-------+----------+-------------------------------------------
     0 | D:1      | Nattfarinn the Palentonga Fighter began the quest for the
                  | Orb.
     0 | D:1      | Reached XP level 1. HP: 19/19 MP: 1/1
   474 | D:1      | Reached XP level 2. HP: 12/25 MP: 2/2
  1294 | D:2      | Reached XP level 3. HP: 30/31 MP: 3/3
  1308 | D:2      | Identified the +7 hunting sling of the Exiled Dreams
                  | {flame, Str+2 Int+2 Stlth+}
  1690 | D:2      | Reached XP level 4. HP: 39/39 MP: 4/4
  1849 | D:2      | Noticed Jessica
  1856 | D:2      | Killed Jessica
  1857 | D:2      | Reached skill level 4 in Fighting
  1987 | D:2      | Found a faded altar of an unknown god.
  2082 | D:3      | Identified the ring "Ruikun" {rCorr MP+9 Int+4}
  2384 | D:3      | Reached XP level 5. HP: 44/44 MP: 5/5
  2429 | D:3      | Noticed an ogre
  2432 | D:3      | Killed an ogre
  2744 | D:3      | Noticed a necrophage
  2746 | D:3      | Killed a necrophage
  2747 | D:3      | Reached skill level 5 in Fighting
  2747 | D:3      | Reached XP level 6. HP: 54/54 MP: 6/6
  2867 | D:3      | Found a glowing silver altar of Zin.
  2937 | D:3      | Found a runed translucent door.
  2938 | D:3      | Noticed Crazy Yiuf
  2972 | D:4      | Noticed Menkaure
  3007 | D:3      | Killed Menkaure
  3082 | D:4      | Noticed a water moccasin
  3094 | D:4      | Killed a water moccasin
  3095 | D:4      | Gained mutation: You curl defensively after being hit. (AC
                  | +7*) [Palentonga growth]
  3095 | D:4      | Reached XP level 7. HP: 47/59 MP: 7/7
  3332 | D:4      | Identified the +1 whip of Big Damage {spect, rN+}
  3356 | D:4      | Reached skill level 6 in Fighting
  3766 | D:5      | Entered Level 5 of the Dungeon
  3844 | D:5      | Reached XP level 8. HP: 66/69 MP: 8/8
  3897 | D:5      | Reached skill level 7 in Fighting
  4251 | D:5      | You fall into a shaft and drop 2 floors!
  4425 | D:7      | Reached skill level 5 in Axes
  4715 | D:6      | Found a glowing drain.
  4721 | Sewer    | Entered a sewer
  5031 | D:6      | Reached skill level 8 in Fighting
  5031 | D:6      | Reached skill level 5 in Armour
  5126 | D:6      | Found a sand-covered staircase.
  5135 | Ossuary  | Entered an ossuary
  5149 | Ossuary  | Reached skill level 5 in Shields
  5149 | Ossuary  | Reached XP level 9. HP: 79/79 MP: 9/9
  5531 | D:6      | Reached skill level 9 in Fighting
  6392 | D:5      | Found a staircase to the Ecumenical Temple.
  6769 | D:7      | Found a hide-covered altar of Uskayaw.
  7541 | D:8      | Reached XP level 10. HP: 81/89 MP: 10/10
  7630 | D:7      | Reached skill level 10 in Fighting
  7931 | D:8      | Noticed a two-headed ogre
  7937 | D:8      | Killed a two-headed ogre
  8849 | Temple   | Entered the Ecumenical Temple
  9105 | Temple   | Became a worshipper of Warmaster Okawaru
  9429 | D:9      | Noticed a two-headed ogre
  9438 | D:9      | Killed a two-headed ogre
  9438 | D:9      | Reached * piety under Okawaru
  9780 | D:9      | Noticed Erica
  9786 | D:9      | Killed Erica
  9833 | D:9      | Found a staircase to the Orcish Mines.
 10026 | D:10     | Entered Level 10 of the Dungeon
 10029 | D:10     | Found Luoj's Antique Weapon Emporium.
 10029 | D:10     | Noticed Psyche
 10043 | D:10     | Reached XP level 11. HP: 96/98 MP: 11/11
 10053 | D:10     | Noticed a deep elf pyromancer
 10057 | D:10     | Cast into level 2 of the Abyss (Psyche)
 10132 | Abyss:2  | Noticed a wretched star
 10224 | Abyss:2  | Noticed a starcursed mass
 10226 | Abyss:2  | HP: 4/80 [white imp/puff of frost (1)]
 10255 | Abyss:2  | Noticed a phantasmal warrior
 10288 | Abyss:2  | Noticed a rakshasa
 10298 | Abyss:2  | Noticed a necromancer
 10298 | Abyss:2  | Noticed a skeletal warrior
 10300 | Abyss:2  | Noticed a skeletal warrior
 10301 | Abyss:2  | HP: 1/79 [necromancer/bolt of negative energy[a
                  | worldbinder] (1)]
 10311 | Abyss:2  | Noticed a necromancer
 10311 | Abyss:2  | Noticed a skeletal warrior
 10312 | Abyss:2  | Noticed a sixfirhy
 10323 | Abyss:2  | Noticed a skeletal warrior
 10324 | Abyss:2  | HP: 2/79 [sixfirhy (7)]
 10325 | Abyss:2  | Slain by a sixfirhy

Illustrated notes

Levels and vault maps discovered:
D:1:      dpeg_arrival_leaves_temple_mockup, layout_basic,
          minmay_worlds_worst_comb
D:2:      layout_loops_cross, ebering_ecumenical_altar_box, uniq_jessica
D:3:      layout_loops_ring, lemuel_coloured_pillars_altar,
          minmay_splitting_lines, uniq_crazy_yiuf_cottage
D:4:      layout_rooms, minmay_gold_behind_fungi, uniq_menkaure
D:5:      layout_rooms, minmay_temple_entry_crystal_x, grunt_ministairs_7,
          chequers_arboretum
D:6:      layout_gridville, enter_ossuary_1, lightli_sewer_entry_pipes
D:7:      layout_basic, mainiacjoe_overflow_small_starburst, kennysheep_path_1,
          kennysheep_pointless_box
D:8:      minmay_four_partial_circles, layout_basic, kennysheep_crisscross
D:9:      layout_roguey, orc_0_dummy, uniq_erica
D:10:     layout_irregular_city, serial_shops, nicolae_shop_crystal,
          kennysheep_mini_moat, nicolae_shop_temple_entry_statues_fountains,
          enter_bailey_3, kennysheep_small_spiral, uniq_urug, uniq_psyche,
          uniq_erolcha
Temple:   mainiacjoe_temple_big_plus
Abyss:2:  base: D:10, minivault_22, hangedman_abyss_mock_shop, minivault_20,
          evilmike_abyss_exit_16, evilmike_abyss_exit_16

Skill      XL: |  1  2  3  4  5  6  7  8  9 10 |
---------------+-------------------------------+-----
Fighting       | 4 5 6 8 9 10 | 10.5
Armour         | 3 4 5 6 |  6.9
Shields        | 3 4 5 6 |  6.9
Axes           | 3 4 5 6 8 |  8.6

Action                   |  1- 3 |  4- 6 |  7- 9 | 10-12 || total
-------------------------+-------+-------+-------+-------++-------
Melee: War axe           |     7 |       |       |       ||     7
       Short sword       |    96 |    64 |       |       ||   160
       Tailslap          |     8 |    15 |    68 |    39 ||   130
       Dagger            |       |    32 |    22 |       ||    54
       Whip              |       |       |   394 |   189 ||   583
 Abil: Rolling Charge    |    10 |    22 |     3 |    10 ||    45
Evoke: Wand              |       |     3 |       |     1 ||     4
  Use: Scroll            |       |       |     6 |    16 ||    22
       Potion            |       |       |       |     2 ||     2
 Stab: Distracted        |       |       |     4 |     1 ||     5
Armor: Scale mail        |    44 |    43 |    25 |       ||   112
       Troll leather arm |       |       |   123 |   107 ||   230
Dodge: Dodged            |    36 |    26 |   114 |    73 ||   249
Block: Buckler           |    19 |    22 |    67 |    55 ||   163

Table legend: (Time is in decaauts)
 A = Elapsed time spent in this place.
 B = Non-inter-level travel time spent in this place.
 C = Inter-level travel time spent in this place.
 D = Time resting spent in this place.
 E = Time spent auto-exploring this place.
 F = Levels seen in this place.
 G = Mean time per level.
                   A        B        C        D        E       F      G
               +--------+--------+--------+--------+--------+-----+--------+
         Total |  10428 |   9729 |    699 |   1230 |   6484 |  14 |  744.9 |
       Dungeon |   9154 |   8479 |    675 |   1230 |   5894 |  10 |  915.4 |
        Temple |    278 |    254 |     24 |      0 |    251 |   1 |  278.0 |
         Abyss |    265 |    265 |      0 |      0 |      0 |   1 |  265.0 |
         Sewer |    326 |    326 |      0 |      0 |    135 |   1 |  326.0 |
       Ossuary |    402 |    402 |      0 |      0 |    203 |   1 |  402.0 |
               +--------+--------+--------+--------+--------+-----+--------+

Top non-repeatable levels by time:
     D:7: 1519 daAuts
     D:1: 1257 daAuts
     D:3: 1184 daAuts
     D:6: 1163 daAuts
     D:8: 1003 daAuts
     D:9: 852 daAuts
     D:5: 814 daAuts
     D:2: 795 daAuts
     D:4: 534 daAuts
 Ossuary: 402 daAuts
   Sewer: 326 daAuts
  Temple: 278 daAuts
 Abyss:2: 265 daAuts
    D:10: 29 daAuts
